 Dungeon Crawl Stone Soup version 0.26-a0-1126-g3318b609a0 (webtiles) character file.

Game seed: 12987711702206538418

161 vvl the Cudgeller (level 5, -1/53 HPs)
             Began as a Troll Monk on Dec 17, 2020.
             Slain by Tarl's ghost (10 damage)
             ... on level 2 of the Dungeon.
             The game lasted 00:08:09 (2382 turns).

vvl the Cudgeller (Troll Monk)                      Turns: 2382, Time: 00:08:10

Health: -1/53      AC:  6    Str: 19    XL:     5   Next: 18%
Magic:  4/4        EV: 11    Int:  6    God:
Gold:   115        SH:  0    Dex: 13    Spells: 4/4 levels left

rFire    . . .     SeeInvis .   i - +3 mace
rCold    . . .     Faith    .   (no shield)
rNeg     . . .     Spirit   .   b - +0 robe
rPois    .         Reflect  .   (helmet restricted)
rElec    .         Harm     .   (no cloak)
rCorr    .         Rampage  .   (gloves unavailable)
Will     .....                  (boots unavailable)
Stlth    ++........             (no amulet)
HPRegen  0.57/turn              (no ring)
MPRegen  0.09/turn              (no ring)

@: flying
A: large, unfitting armour, claws 3, regeneration 1, shaggy fur 1, tough skin 3
a: no special abilities


You were on level 2 of the Dungeon.
You visited 1 branch of the dungeon, and saw 3 of its levels.

You collected 115 gold pieces.

Inventory:

Hand Weapons
 i - a +3 mace (weapon)
Armour
 b - a +0 robe (worn)
Jewellery
 o - an uncursed ring of protection from cold {unknown}
Scrolls
 c - a scroll of remove curse {unknown}
 d - a scroll of enchant weapon {unknown}
 e - a scroll of fog {unknown}
 g - 3 scrolls of teleportation {unknown}
 h - 3 scrolls of identify {unknown}
 l - a scroll of noise {unknown}
Potions
 a - a potion of flight
 j - a potion of heal wounds {unknown}
 k - a potion of degeneration {unknown}
 m - a potion of might {unknown}
 n - 2 potions of mutation {unknown}
 p - a potion of ambrosia {unknown}


   Skills:
 + Level 3.0 Fighting
 + Level 4.1(4.2) Maces & Flails
 * Level 0.8(2.4) Staves
 + Level 3.3 Dodging
 - Level 1.0 Stealth


You had 4 spell levels left.
You didn't know any spells.
Your spell library was empty.

Dungeon Overview and Level Annotations

Branches:
Dungeon (3/15)

Altars:

Annotations:
D:2 Tarl's ghost, amateur GrFi
D:3 vvl's ghost, amateur TrMo


Innate Abilities, Weirdness & Mutations

You are too large for most types of armour.
You have claws for hands.
Your natural rate of healing is unusually fast.
You are covered in fur. (AC +1)
You have extremely tough skin. (AC +3)


Message History

Tarl's ghost hits you but does no damage.
You hit Tarl's ghost.
Tarl's ghost is severely damaged.
Tarl's ghost barely misses you.
You barely miss Tarl's ghost.
Tarl's ghost is severely damaged.
Tarl's ghost hits you.
* * * LOW HITPOINT WARNING * * *
You hit Tarl's ghost but do no damage.
Tarl's ghost is severely damaged.
Tarl's ghost says, "You can hit me, but you can't hurt me."
Tarl's ghost hits you.
* * * LOW HITPOINT WARNING * * *
You hit Tarl's ghost but do no damage.
Tarl's ghost is severely damaged.
Tarl's ghost completely misses you.
You hit Tarl's ghost but do no damage.
Tarl's ghost is severely damaged.
Tarl's ghost hits you!
You die...

######## ..##...## ........##
.........# .........#
.....)...####### ###
.....†.........## #.# ####
..##...........<##########.###...
######..........@W...............
#.........###.....###.###...
###.##............).###......#
#.#.###.............##.......#
#.............................
###...[#............##........
#.##..............##.(.....#
#.##.............###..#...##
#)##....................###


You could see Tarl's ghost.

Vanquished Creatures
  An orc priest (D:3)
  A hound (D:3)
  2 adders (D:3)
  An ooze (D:1)
  4 worms
  3 leopard geckos
  4 orcs (D:3)
  A giant cockroach (D:2)
  A goblin (D:2)
  10 hobgoblins
  6 jackals
  A ball python (D:3)
  8 bats
  11 kobolds
  4 rats
58 creatures vanquished.

Vanquished Creatures (others)
  6 withered plants (D:3)
6 creatures vanquished.

Grand Total: 64 creatures vanquished

Notes
Turn   | Place    | Note
-------+----------+-------------------------------------------
     0 | D:1      | vvl the Troll Monk began the quest for the Orb.
     0 | D:1      | Reached XP level 1. HP: 22/22 MP: 0/0
   236 | D:1      | Reached XP level 2. HP: 29/29 MP: 1/1
   244 | D:1      | Reached skill level 3 in Maces & Flails
   768 | D:2      | Reached XP level 3. HP: 21/36 MP: 2/2
  1299 | D:3      | Found a runed translucent gate.
  1299 | D:3      | Found a runed translucent gate.
  1300 | D:3      | Found a runed translucent gate.
  1525 | D:3      | Reached XP level 4. HP: 40/44 MP: 3/3
  2144 | D:3      | Noticed Tarl's ghost (amateur GrFi)
  2144 | D:3      | Noticed vvl's ghost (amateur TrMo)
  2228 | D:3      | Reached skill level 4 in Maces & Flails
  2228 | D:3      | Reached XP level 5. HP: 44/53 MP: 4/4
  2382 | D:2      | Slain by Tarl's ghost

Illustrated notes

Levels and vault maps discovered:
D:1:      psy_arrival_statuary, layout_loops_ring
D:2:      layout_rooms
D:3:      layout_basic, gammafunk_ghost_cemetery, minmay_crystal_room

Skill      XL: |  1  2  3  4 |
---------------+-------------+-----
Maces & Flails | 3 4 |  4.1
Dodging        | 3 |  3.3
Fighting       | 3 |  3.0
Staves         | |  0.8
Stealth        | |  1.0

Action                   |  1- 3 |  4- 6 || total
-------------------------+-------+-------++-------
Melee: Mace              |   143 |    88 ||   231
  Use: Potion            |       |     4 ||     4
 Stab: Sleeping          |     5 |       ||     5
Armor: Robe              |    78 |    35 ||   113
Dodge: Dodged            |   154 |    64 ||   218

Table legend: (Time is in decaauts)
 A = Elapsed time spent in this place.
 B = Non-inter-level travel time spent in this place.
 C = Inter-level travel time spent in this place.
 D = Time resting spent in this place.
 E = Time spent auto-exploring this place.
 F = Levels seen in this place.
 G = Mean time per level.
                   A        B        C        D        E       F      G
               +--------+--------+--------+--------+--------+-----+--------+
         Total |   2434 |   2377 |     57 |     76 |   1794 |   3 |  811.3 |
       Dungeon |   2434 |   2377 |     57 |     76 |   1794 |   3 |  811.3 |
               +--------+--------+--------+--------+--------+-----+--------+

Top non-repeatable levels by time:
     D:3: 1086 daAuts
     D:1: 761 daAuts
     D:2: 586 daAuts
